 Dungeon Crawl Stone Soup version 0.25-a0-292-gaa31f046c4 (webtiles) character file.

Game seed: 9853099638337439389, levelgen mode: deterministic

169487 petermcneter the Earth Mage (level 17, -1/114 HPs)
             Began as a Deep Elf Earth Elementalist on Dec 13, 2019.
             Was the Champion of Vehumet.
             Splashed by an oklob plant's acid (13 damage)
             ... on level 4 of the Swamp on Dec 15, 2019.
             The game lasted 01:33:37 (30912 turns).

petermcneter the Earth Mage (DEEE)                 Turns: 30912, Time: 01:33:39

Health: -1/114     AC: 28    Str:  5    XL:     17   Next: 10%
Magic:  11/47      EV: 20    Int: 32    God:    Vehumet [******]
Gold:   688        SH:  8    Dex: 15    Spells: 11/46 levels left

rFire    + + .     SeeInvis .   F - +0 rapier of Glory {pain, +Fly rN+ Int+4}
rCold    + . .     Gourm    .   C - +2 buckler
rNeg     + + .     Faith    .   (armour currently unavailable)
rPois    ∞         Spirit   .   m - +2 helmet
rElec    +         Reflect  .   z - scarf {rC+ rF+}
rCorr    .         Harm     .   (gloves currently unavailable)
MR       +....                  (boots currently unavailable)
Stlth    +++.......             H - amulet of the acrobat
HPRegen  0.29/turn              E - ring of protection from fire
MPRegen  0.30/turn              i - ring of magical power

@: about to teleport, statue-form, corroded, very slightly contaminated, very
slow
A: no striking features
}: 1/15 runes: decaying
a: End Transformation, Renounce Religion, Evoke Flight


You were on level 4 of the Swamp.
You worshipped Vehumet.
Vehumet was exalted by your worship.
You were hungry.
You were a stone statue.
You visited 5 branches of the dungeon, and saw 28 of its levels.

You collected 2779 gold pieces.
You spent 2091 gold pieces at shops.

Inventory:

Hand Weapons
 F - the +0 rapier of Glory (weapon) {pain, +Fly rN+ Int+4}
   (You bought it in a shop on level 9 of the Dungeon)

   In the hands of one skilled in necromantic magic, it inflicts extra damage on
   living creatures.
   It affects your intelligence (+4).
   It protects you from negative energy.
   It lets you fly.
Missiles
 N - a throwing net (quivered)
Armour
 c - a +2 pair of gloves (melded)
 j - a +2 pair of boots (melded)
 m - a +2 helmet (worn)
 s - a +2 robe of cold resistance (melded)
 z - a scarf of resistance (worn)
 C - a +2 buckler (worn)
 R - a +2 shield
Jewellery
 e - an uncursed ring of positive energy
 i - a ring of magical power (right hand)
 E - a ring of protection from fire (left hand)
 H - an amulet of the acrobat (around neck)
Wands
 a - a wand of acid (18)
 b - a wand of paralysis (2)
 u - a wand of flame (33)
 L - a wand of iceblast (9)
 P - a wand of disintegration (8)
 V - a wand of clouds (11)
 Z - a wand of polymorph (10)
Scrolls
 g - 6 scrolls of fog
 h - 5 scrolls of enchant weapon
 k - 4 scrolls of amnesia
 l - a scroll of silence
 n - 2 scrolls of summoning
 p - 5 scrolls of remove curse
 r - 3 scrolls of teleportation
 x - 3 scrolls of blinking
 y - 4 scrolls of fear
 D - 3 scrolls of magic mapping
 G - 3 scrolls of enchant armour
 J - a scroll of vulnerability {unknown}
 M - a scroll of brand weapon {unknown}
 W - a scroll of holy word
 Y - 3 scrolls of immolation {unknown}
Potions
 f - 3 potions of resistance
 o - 4 potions of curing
 q - 3 potions of agility
 t - 3 potions of haste
 v - a potion of lignification
 w - 9 potions of heal wounds
 A - 3 potions of brilliance
 B - 7 potions of mutation
 K - a potion of ambrosia {unknown}
 O - a potion of invisibility {unknown}
 T - 4 potions of flight
Miscellaneous
 Q - a crystal ball of energy
 U - a lamp of fire
Comestibles
 d - 25 rations


   Skills:
 - Level 4.0 Fighting
 - Level 12.0 Dodging
 - Level 6.0 Stealth
 + Level 6.3 Shields
 + Level 15.1 Spellcasting
 + Level 14.4 Conjurations
 + Level 10.8 Charms
 - Level 8.0 Necromancy
 - Level 6.0 Transmutations
 + Level 7.8 Fire Magic
 + Level 4.9 Air Magic
 + Level 15.4 Earth Magic
 + Level 10.0 Evocations


You had 11 spell levels left.
You knew the following spells:

 Your Spells              Type           Power        Failure   Level  Hunger
a - Sandblast             Erth           ######       0%          1    None
b - Stone Arrow           Conj/Erth      ######       0%          3    None
c - Lee's Rapid Deconstr  Erth           #######...   1%          5    None
d - Regeneration          Chrm/Necr      ######....   1%          3    None
e - Iron Shot             Conj/Erth      #######...   1%          6    ###....
f - Bolt of Magma         Conj/Fire/Erth #######...   1%          5    None
g - Statue Form           Tmut/Erth      #######..    3%          6    ###....
h - Deflect Missiles      Chrm/Air       ######....   11%         6    ###....

Your spell library contained the following spells:

 Spells                   Type           Power        Failure   Level  Hunger
 Starburst                Conj/Fire      #######...   1%          6    ###....
 Animate Skeleton         Necr           N/A          1%          1    None
 Apportation              Tloc           ###...       1%          1    None
 Confusing Touch          Hex            ###...       1%          1    None
 Corona                   Hex            ###....      1%          1    None
 Infusion                 Chrm           ####         1%          1    None
 Pain                     Necr           ####         1%          1    None
 Sting                    Tmut/Pois      ####         1%          1    None
 Summon Butterflies       Summ           ###.....     1%          1    None
 Summon Small Mammal      Summ           ###.         1%          1    None
 Passwall                 Tmut/Erth      #######.     1%          2    None
 Poisonous Vapours        Pois/Air       #####.       1%          2    None
 Shroud of Golubria       Chrm/Tloc      ######       1%          2    None
 Song of Slaying          Chrm           #######.     1%          2    None
 Sublimation of Blood     Necr           ######....   1%          2    None
 Conjure Flame            Conj/Fire      #######.     1%          3    None
 Dazzling Flash           Conj/Hex       ######       1%          3    None
 Ignite Poison            Fire/Tmut/Pois ######..     1%          3    None
 Mephitic Cloud           Conj/Pois/Air  ######..     1%          3    None
 Spectral Weapon          Hex/Chrm       ######..     1%          3    None
 Vampiric Draining        Necr           ######....   1%          3    None
 Animate Dead             Necr           N/A          1%          4    None
 Hailstorm                Conj/Ice       ######..     1%          4    None
 Leda's Liquefaction      Hex/Erth       ######....   1%          4    None
 Petrify                  Tmut/Erth      #######.     1%          4    None
 Irradiate                Conj/Tmut      ######....   1%          5    None
 Ensorcelled Hibernation  Hex/Ice        ###...       2%          2    None
 Yara's Violent Unravell  Hex/Tmut       #####.....   4%          5    None
 Call Canine Familiar     Summ           ###.....     5%          3    None
 Confuse                  Hex            ###.....     5%          3    None
 Gell's Gravitas          Tloc           ###.......   5%          3    None
 Portal Projectile        Hex/Tloc       ###...       5%          3    None
 Tukima's Dance           Hex            ###.....     5%          3    None
 Olgreb's Toxic Radiance  Pois           ###.....     5%          4    None
 Freezing Cloud           Conj/Ice/Air   ######....   5%          6    ###....
 Death Channel            Necr           ######....   11%         6    ###....
 Alistair's Intoxication  Tmut/Pois      #####...     14%         5    None
 Cause Fear               Hex            ###.......   19%         4    None
 Summon Ice Beast         Ice/Summ       ###.....     19%         4    None
 Silence                  Hex/Air        #####.....   19%         5    None
 Ring of Flames           Chrm/Fire      ######....   32%         7    #####..
 Metabolic Englaciation   Hex/Ice        ###.......   45%         5    None
 Summon Mana Viper        Hex/Summ       ###.....     45%         5    None
 Shatter                  Erth           #######...   58%         9    #######
 Eringya's Noxious Bog    Tmut/Pois      #####.....   63%         6    ###....
 Dispersal                Tloc           ###.......   95%         6    ###....
 Summon Hydra             Summ           ###.......   100%        7    #####..
 Controlled Blink         Tloc           N/A          100%        8    ######.
 Discord                  Hex            ###.......   100%        8    ######.
 Disjunction              Tloc           ###.......   100%        8    ######.


Dungeon Overview and Level Annotations

Branches:
Dungeon (15/15)            Temple (1/1) D:4            Lair (6/6) D:8
  Swamp (4/4) Lair:4       Spider (0/4) Lair:4        Slime (0/5) Lair:6
    Orc (2/2) D:12            Elf (0/3) Orc:2        Vaults (0/5) D:13
 Depths (0/5) D:15

Altars:
Ashenzari
Cheibriados
Dithmenos
Elyvilon
Fedhas
Gozag
Hepliaklqana
Makhleb
Nemelex Xobeh
Okawaru
Qazlal
Uskayaw
Vehumet
Wu Jian
Xom
Yredelemnul
Zin
The Shining One
Beogh
Jiyva

Shops:
D:7 (   D:9 (   D:14 :   Orc:2 (:(?

Annotations:
D:12 4 runed translucent doors, Muar's ghost, journeyman DrCj
Lair:2 Urug
Lair:4 1 runed translucent door, walterwhite's ghost, journeyman GnTm
Lair:5 3 runed translucent doors, paps's ghost, adept GrFi
Lair:6 1 runed translucent door, Heapyxt's ghost, journeyman GrEE
Swamp:4 exclusion: 3 oklob plants


Message History

You feel strangely unstable. The roots lose their grip on you.
The swamp drake bites you but does no damage.
Casting: Bolt of Magma (safe; 1% risk of failure)
Confirm with . or Enter, or press ? or * to list all spells.
Aiming: Bolt of Magma (safe; 1% risk of failure)
Press: ? - help, Shift-Dir - straight line, f - shambling mangrove
Aim: a shambling mangrove (lightly damaged)
The bolt of magma misses the swamp drake.
The bolt of magma hits the shambling mangrove!!!
The shambling mangrove is heavily damaged.
Your surroundings suddenly seem different.
Marking area around 3 oklob plants as unsafe for travelling. 3 oklob plants come into view.
As you read the scroll of teleportation, it crumbles to dust.
You feel strangely unstable. The oklob plant spits acid at you.
The splash of acid hits you!
* * * LOW HITPOINT WARNING * * *
The acid corrodes you!
You are splashed with acid!
You die...

♣♣♣♣..§§≈≈##
♣.≈)≈.≈♣..≈.# ♣≈≈≈
♣♣♣♣..≈≈.##
♣≈)♣♣♣#.#♣..# ###≈
♣♣≈...≈≈.### #♣..♣
#####.######
♣.≈≈..≈.####.....♣
#....# #
♣♣≈≈.♣♣####..♣.≈≈.#
#####...♣## ♣...♣
##≈..≈....##
#.♣..≈.##.# ♣..≈♣
#.≈...▓≈♣..#
##.≈.8.[..# ♣≈≈♣♣
#♣...._≈..♣#
#.♣≈≈†≈♣.# ♣♣♣♣
#.....≈8.P.#
#..[._...#
#≈..P...P.P#
#≈.8.†8.##
###......###
####...### ####.###
#......# ##
##.##### ###


You could see 3 oklob plants.

Vanquished Creatures
  Jorgrun (Swamp:1)
  4 thorn hunters (Swamp:4)
  Kirke (Lair:4)
  Aizul (Swamp:3)
  6 ghouls
  A very ugly thing (Swamp:4)
  2 vampire knights (Swamp:4)
  A dire elephant (Lair:6)
  2 ettins (Orc:2)
  A fire dragon (D:15)
  Harold (Lair:2)
  An ice dragon (D:15)
  3 ogre magi
  8 vault guards
  12 hydras
  7 centaur warriors
  A death knight (D:13)
  3 shambling mangroves
  A ghost crab (Swamp:4)
  11 alligators
  A deep troll shaman (Lair:6)
  13 two-headed ogres
  A catoblepas (Lair:6)
  A queen ant (Lair:2)
  6 death yaks (Lair:6)
  5 spriggans
  A skeletal warrior (D:12)
  2 hell knights (D:12)
  Sonja (Lair:2)
  An unseen horror (D:13)
  An iron troll (Orc:2)
  2 spriggan druids (Swamp:4)
  A flayed ghost (Swamp:4)
  A necromancer (D:12)
  A deep troll (Orc:2)
  3 phantasmal warriors (Swamp:4)
  7 spectral hydras
  5 swamp dragons
  An orc knight (Orc:2)
  2 orc sorcerers (Orc:1)
  An orb spider (Lair:4)
  2 deep elf magi (D:15)
  10 ugly things
  3 cyclopes
  A manticore (D:14)
  3 elephants (Lair:6)
  A rust devil (D:12)
  6 black mambas
  19 spiny frogs
  Joseph (D:10)
  3 gargoyles
  A kobold demonologist (D:11)
  5 freezing wraiths
  A rime drake (shapeshifter) (D:15)
  4 komodo dragons
  6 rime drakes
  A redback zombie (D:13)
  2 hydra zombies (Swamp:4)
  A queen bee (Lair:6)
  9 trolls
  Grinder (D:3)
  12 hornets
  11 tyrant leeches
  3 meliai (Lair:6)
  10 bog bodies
  11 hippogriffs
  19 slime creatures
  2 death drake skeletons (Swamp:4)
  A hydra skeleton (Swamp:4)
  Prince Ribbit (D:5)
  13 blink frogs
  5 dream sheep (Lair:6)
  A centaur simulacrum (D:15)
  A shadow (Swamp:4)
  A wraith (D:14)
  3 wyverns
  27 yaks
  4 basilisks
  3 hungry ghosts
  3 hogs (Lair:4)
  2 wargs
  12 swamp worms
  9 vampire mosquitoes
  7 insubstantial wisps
  Edmund (D:5)
  2 hydra simulacra (Swamp:4)
  9 water moccasins
  2 acid dragons
  6 hell hounds (D:12)
  3 soldier ants (Lair:2)
  Duvessa (D:5)
  13 swamp drakes
  5 porcupines
  5 ice beasts
  23 orc warriors
  A hornet zombie (D:12)
  A black bear (Lair:6)
  3 sky beasts
  4 wolves (Lair:6)
  25 ogres
  2 necrophages
  11 centaurs
  12 crocodiles
  5 big kobolds
  18 bullfrogs
  Dowan (D:5)
  42 killer bees
  5 wights
  3 electric eels (Lair:4)
  A howler monkey (D:11)
  4 centaur zombies
  9 hounds
  A quasit (D:11)
  3 bullfrog zombies
  10 crimson imps
  3 jellies
  13 orc priests
  5 centaur skeletons
  A bullfrog skeleton (D:7)
  Jessica (D:2)
  34 worker ants
  25 orc wizards
  Terence (D:2)
  A hound zombie (D:5)
  2 worker ant zombies (D:5)
  Robin (D:2)
  4 gnolls
  7 adders
  3 shadow imps
  A white imp (D:6)
  An ooze (D:4)
  3 worms
  4 dart slugs
  2 leopard geckos
  82 orcs
  7 giant cockroaches
  8 hobgoblins
  10 jackals
  23 kobolds
  4 quokkas
  A ball python (D:4)
  7 bats
  7 frilled lizards
  17 goblins
  A leopard gecko skeleton (D:7)
  10 rats
886 creatures vanquished.

Vanquished Creatures (collateral kills)
  A hydra zombie (Swamp:4)
1 creature vanquished.

Vanquished Creatures (others)
  A spriggan druid (Swamp:4)
  A blink frog (Swamp:4)
  An orc (D:13)
  3 briar patches (Swamp:4)
  A bush (D:8)
  7 fungi
  24 plants
  2 withered plants (Lair:4)
40 creatures vanquished.

Grand Total: 927 creatures vanquished

Notes
Turn   | Place    | Note
-------+----------+-------------------------------------------
     0 | D:1      | petermcneter the Deep Elf Earth Elementalist began the
                  | quest for the Orb.
     0 | D:1      | Reached XP level 1. HP: 10/10 MP: 6/6
   114 | D:1      | Reached XP level 2. HP: 14/15 MP: 2/8
   212 | D:1      | Upgraded the game from 0.25-a0-289-g406d6369f5 to
                  | 0.25-a0-292-gaa31f046c4
   330 | D:1      | Reached XP level 3. HP: 13/19 MP: 7/10
   342 | D:1      | Learned a level 3 spell: Stone Arrow
   641 | D:2      | Noticed Terence
   650 | D:2      | Killed Terence
   650 | D:2      | Reached skill level 1 in Conjurations
   703 | D:2      | Noticed Robin
   714 | D:2      | Reached XP level 4. HP: 24/24 MP: 11/11
   720 | D:2      | Killed Robin
  1131 | D:2      | Noticed Jessica
  1138 | D:2      | Killed Jessica
  1647 | D:3      | Reached XP level 5. HP: 28/28 MP: 13/13
  1654 | D:3      | Learned a level 5 spell: Lee's Rapid Deconstruction
  1688 | D:3      | Noticed Grinder
  1732 | D:3      | Paralysed by Grinder for 4 turns
  1759 | D:3      | Killed Grinder
  1759 | D:3      | Reached skill level 5 in Earth Magic
  1759 | D:3      | Reached XP level 6. HP: 10/32 MP: 7/14
  2208 | D:3      | Found a basalt altar of Yredelemnul.
  2452 | D:4      | Reached skill level 5 in Spellcasting
  2460 | D:4      | Reached XP level 7. HP: 32/36 MP: 11/16
  2910 | D:4      | Reached skill level 5 in Stealth
  2939 | D:4      | Found a staircase to the Ecumenical Temple.
  3061 | D:5      | Entered Level 5 of the Dungeon
  3168 | D:5      | Found a white marble altar of Elyvilon.
  3176 | D:5      | Noticed a hippogriff
  3185 | D:5      | Killed a hippogriff
  3185 | D:5      | Reached skill level 1 in Shields
  3185 | D:5      | Reached skill level 5 in Conjurations
  3185 | D:5      | Reached XP level 8. HP: 20/40 MP: 18/18
  3389 | D:5      | Noticed Dowan
  3491 | D:5      | Noticed Prince Ribbit
  3496 | D:5      | Killed Prince Ribbit
  3497 | D:5      | Noticed Edmund
  3501 | D:5      | Killed Edmund
  3748 | D:5      | Noticed Duvessa
  3755 | D:5      | Killed Duvessa
  3766 | D:5      | Killed Dowan
  3985 | D:5      | Found a hide-covered altar of Uskayaw.
  4002 | Temple   | Entered the Ecumenical Temple
  4162 | Temple   | Became a worshipper of Vehumet
  4203 | D:5      | Noticed a +0 dagger
  4203 | D:5      | Noticed a +0 hand axe
  4595 | D:6      | Reached XP level 9. HP: 27/44 MP: 21/21
  5319 | D:7      | Found Zuxt's Weapon Shoppe.
  5503 | D:7      | Found an iron altar of Okawaru.
  5538 | D:7      | Reached * piety under Vehumet
  5538 | D:7      | Offered knowledge of Foxfire by Vehumet.
  5577 | D:7      | Found a shimmering altar of Xom.
  6065 | D:8      | Found a staircase to the Lair.
  6069 | D:7      | Found a sparkling altar of Nemelex Xobeh.
  6069 | D:7      | Found a stormy altar of Qazlal.
  6108 | D:8      | Noticed a komodo dragon
  6115 | D:8      | Killed a komodo dragon
  6115 | D:8      | Reached skill level 1 in Fighting
  6680 | D:8      | Noticed a two-headed ogre
  6683 | D:8      | Killed a two-headed ogre
  6683 | D:8      | Reached XP level 10. HP: 33/52 MP: 20/24
  6890 | D:9      | Found Okailiaq's Antique Weapon Boutique.
  6899 | D:9      | Bought a dazzling rapier for 243 gold pieces
  6899 | D:9      | Identified the cursed +0 rapier of Glory {pain, +Fly rN+
                  | Int+4} (You bought it in a shop on level 9 of the Dungeon)
  6958 | D:9      | Reached ** piety under Vehumet
  6958 | D:9      | Offered knowledge of Shock by Vehumet.
  7084 | D:9      | Noticed a centaur warrior
  7336 | D:9      | Found an opulent altar of Gozag.
  7375 | D:9      | Offered knowledge of Dazzling Flash by Vehumet.
  7397 | D:9      | Found a snail-covered altar of Cheibriados.
  7423 | D:9      | Reached skill level 10 in Earth Magic
  7482 | D:9      | Killed a centaur warrior
  7482 | D:9      | Reached skill level 5 in Dodging
  7669 | D:9      | Reached *** piety under Vehumet
  7900 | D:10     | Entered Level 10 of the Dungeon
  8137 | D:10     | Noticed Joseph
  8140 | D:10     | Killed Joseph
  8310 | Lair:1   | Entered Level 1 of the Lair of Beasts
  8339 | Lair:1   | Noticed a black mamba
  8342 | Lair:1   | Killed a black mamba
  8342 | Lair:1   | Reached XP level 11. HP: 59/59 MP: 22/26
  8419 | Lair:1   | Reached skill level 10 in Conjurations
  8564 | Lair:1   | Offered knowledge of Conjure Flame by Vehumet.
  9137 | Lair:2   | Noticed Sonja
  9138 | Lair:2   | Killed Sonja
  9653 | Lair:2   | Noticed Harold
  9665 | Lair:2   | Killed Harold
  9665 | Lair:2   | Reached skill level 10 in Spellcasting
  9931 | Lair:2   | Noticed a queen ant
  9935 | Lair:2   | Reached **** piety under Vehumet
  9941 | Lair:2   | Offered knowledge of Inner Flame by Vehumet.
  9942 | Lair:2   | Noticed Urug
  9945 | Lair:2   | Killed a queen ant
  9945 | Lair:2   | Reached XP level 12. HP: 62/65 MP: 0/28
 10357 | Lair:3   | Got a brightly glowing trident
 10459 | Lair:3   | Reached skill level 1 in Evocations
 11008 | Lair:3   | You fall into a shaft and drop 1 floor!
 11012 | Lair:4   | Found a staircase to the Swamp.
 11208 | Lair:4   | Learned a level 3 spell: Regeneration
 11264 | Lair:4   | Noticed Kirke
 11272 | Lair:4   | Noticed a sphinx
 11272 | Lair:4   | Killed Kirke
 11272 | Lair:4   | Reached skill level 1 in Necromancy
 11279 | Lair:4   | Reached ***** piety under Vehumet
 11435 | Lair:3   | Found the +9 heavy crossbow "Sniper" {velocity, Acc+∞ SInv}
 11878 | Lair:4   | Offered knowledge of Iron Shot by Vehumet.
 11886 | Lair:4   | Learned a level 6 spell: Iron Shot
 11919 | Lair:4   | Found a hole to the Spider Nest.
 11959 | Lair:4   | Found a runed translucent door.
 12095 | Lair:4   | Noticed walterwhite's ghost (journeyman GnTm)
 13116 | Lair:5   | Found a white marble altar of Elyvilon.
 13212 | Lair:5   | Noticed a five-headed hydra
 13214 | Lair:5   | Killed a five-headed hydra
 13214 | Lair:5   | Reached XP level 13. HP: 70/70 MP: 30/30
 13386 | Lair:5   | Found a runed translucent gate.
 13386 | Lair:5   | Found a runed translucent gate.
 13387 | Lair:5   | Found a runed translucent gate.
 13448 | Lair:5   | Noticed paps's ghost (adept GrFi)
 13641 | Lair:6   | Entered Level 6 of the Lair of Beasts
 14011 | Lair:6   | Reached skill level 5 in Charms
 14153 | Lair:6   | Found a runed translucent door.
 14159 | Lair:6   | Noticed Heapyxt's ghost (journeyman GrEE)
 14457 | Lair:6   | Found a viscous altar of Jiyva.
 14457 | Lair:6   | Found a staircase to the Slime Pits.
 15001 | Lair:6   | Reached skill level 5 in Evocations
 15214 | Lair:6   | Reached skill level 5 in Necromancy
 15558 | Lair:6   | Noticed a dire elephant
 15855 | Lair:6   | Killed a dire elephant
 15940 | Lair:6   | Identified the Volume of the Evil Frostbite
 16176 | D:11     | Reached skill level 10 in Dodging
 16472 | D:11     | Found a shimmering altar of Xom.
 16793 | D:12     | Offered knowledge of Spellforged Servitor by Vehumet.
 17040 | D:12     | Found a runed translucent gate.
 17040 | D:12     | Found a runed translucent gate.
 17040 | D:12     | Noticed Muar's ghost (journeyman DrCj)
 17050 | D:12     | Found a runed translucent gate.
 17310 | D:12     | Reached XP level 14. HP: 54/76 MP: 4/32
 17411 | D:12     | Found a runed translucent door.
 17478 | D:12     | Identified the ring "Maisuy" {*Tele rF+ rN+ Int+4}
 17698 | D:12     | Found a staircase to the Orcish Mines.
 17846 | Orc:1    | Entered Level 1 of the Orcish Mines
 17914 | Orc:2    | Entered Level 2 of the Orcish Mines
 18237 | Orc:1    | Offered knowledge of Bolt of Magma by Vehumet.
 18250 | Orc:1    | Learned a level 5 spell: Bolt of Magma
 18559 | Orc:1    | Reached skill level 1 in Fire Magic
 18786 | Orc:2    | Found Vujyrch's Magic Scroll Emporium.
 18789 | Orc:2    | Found Cojihop's Weapon Shop.
 19409 | Orc:2    | Found a staircase to the Elven Halls.
 19421 | Orc:2    | Found a roughly hewn altar of Beogh.
 20210 | Orc:2    | Found Vauddae's Weapon Emporium.
 20211 | Orc:2    | Found Qach's Book Shoppe.
 20223 | Orc:2    | Bought a book of Enchantments for 700 gold pieces
 20223 | Orc:2    | Bought a book of the Earth for 910 gold pieces
 20230 | Orc:2    | Learned a level 6 spell: Statue Form
 20237 | Orc:2    | Learned a level 6 spell: Deflect Missiles
 20248 | Orc:2    | Bought a scroll of amnesia for 49 gold pieces
 20248 | Orc:2    | Bought a scroll of teleportation for 42 gold pieces
 20248 | Orc:2    | Bought a scroll of teleportation for 42 gold pieces
 20248 | Orc:2    | Bought a scroll of blinking for 105 gold pieces
 21727 | D:13     | Reached XP level 15. HP: 80/80 MP: 16/34
 22324 | D:13     | Found a gate to the Vaults.
 22916 | D:14     | Reached ****** piety under Vehumet
 22918 | D:14     | Offered knowledge of Fireball by Vehumet.
 23101 | D:14     | Identified the +2 trident of Compound Interest {antimagic,
                  | *Slow rPois SInv Stlth+} (You found it on level 3 of the
                  | Lair of Beasts)
 23192 | D:14     | Found Jomn's Book Emporium.
 23274 | D:15     | Entered Level 15 of the Dungeon
 23449 | D:15     | Reached skill level 5 in Fire Magic
 23802 | D:15     | Reached skill level 1 in Air Magic
 24181 | D:15     | Found a staircase to the Depths.
 24734 | Swamp:1  | Entered Level 1 of the Swamp
 25116 | Swamp:1  | Noticed Jorgrun
 25251 | Swamp:1  | Killed Jorgrun
 26055 | Swamp:2  | Reached skill level 5 in Shields
 26123 | Swamp:2  | Offered knowledge of Conjure Ball Lightning by Vehumet.
 26166 | Swamp:2  | Reached skill level 5 in Transmutations
 26539 | Swamp:2  | Reached XP level 16. HP: 84/84 MP: 28/36
 27370 | Swamp:4  | Entered Level 4 of the Swamp
 27470 | Swamp:4  | Noticed Aizul
 27521 | Swamp:3  | Reached skill level 15 in Earth Magic
 27646 | Swamp:3  | Killed Aizul
 28104 | Swamp:4  | Noticed a thorn hunter
 28413 | Swamp:4  | Killed a thorn hunter
 28926 | Swamp:4  | Reached skill level 10 in Charms
 29184 | Swamp:3  | Offered knowledge of Starburst by Vehumet.
 30049 | Swamp:4  | Reached skill level 15 in Spellcasting
 30445 | Swamp:4  | Noticed a thorn hunter
 30445 | Swamp:4  | Noticed a thorn hunter
 30452 | Swamp:4  | Killed a thorn hunter
 30487 | Swamp:4  | Reached XP level 17. HP: 77/88 MP: 24/38
 30569 | Swamp:4  | Reached skill level 10 in Evocations
 30623 | Swamp:4  | Found a basalt altar of Yredelemnul.
 30629 | Swamp:4  | Got a bloodstained robe
 30640 | Swamp:4  | Identified the +0 robe "Roxzaqec" {rElec} (You found it on
                  | level 4 of the Swamp)
 30657 | Swamp:4  | Got a decaying rune of Zot
 30679 | Swamp:4  | Found a blossoming altar of Fedhas.
 30912 | Swamp:4  | Splashed by an oklob plant's acid

Levels and vault maps discovered:
D:1:      lightli_arrival_boilingwater, layout_basic
D:2:      kennysheep_big_flooded_room, layout_loops_corners, uniq_robin,
          uniq_jessica, uniq_terence
D:3:      layout_rooms, yredelemnul_altar_generic, first_ration, uniq_grinder
D:4:      layout_basic, minmay_temple_entry_from_below_b
D:5:      layout_cave_pools, dancing_weapons_uskayaw,
          nicolae_overflow_crystal_walls, uniq_duvessa, uniq_edmund,
          uniq_prince_ribbit1
D:6:      layout_basic, minmay_fire_ice_demons
D:7:      layout_rooms, nicolae_overflow_hidden_temple, xom_teletrap_fun,
          serial_shops, nicolae_shop_stone
D:8:      layout_cave_pods, lair_entry_dummy, grunt_pizzeria, minmay_hedge_maze
D:9:      layout_basic, cheibriados_altar_1, lemuel_coloured_pillars_altar,
          serial_shops, shop_fountains, minmay_crystal_water,
          kennysheep_generic_room_11
D:10:     layout_rooms, uniq_joseph
D:11:     layout_cave_pools, basic_altar
D:12:     mludivico_vault, layout_rooms, david_orc_4, gammafunk_ghost_split,
          due_unseen_surprise
D:13:     layout_cave_pools, erik_vaults_2
D:14:     layout_basic, nicolae_two_hexagons, serial_shops, kennysheep_mini
D:15:     grunt_enter_depths_hoard, layout_irregular_city,
          minmay_misc_feat_plants
Temple:   nicolae_temple_figure_eight
Lair:1:   layout_misc_corridors
Lair:2:   layout_regular_city, zaba_antful_of_joy, uniq_sonja, uniq_harold,
          uniq_urug
Lair:3:   layout_hall_layers, grunt_megastairs_4, infiniplex_staircase_pool_2
Lair:4:   layout_regular_city, skrybe_swamp_entry_bodies,
          nicolae_spider_entry_orb_guardian, serial_bayou, serial_bayou_pond_c,
          serial_bayou_pond_d, serial_bayou_pond_c, serial_bayou_pond_c,
          serial_bayou_ford_a, gammafunk_ghost_grave, infiniplex_staircase_pool,
          uniq_kirke
Lair:5:   layout_cave_pods, basic_altar, gammafunk_ghost_necromancy,
          chequers_serial_rivers_room_a, grunt_megastairs_3
Lair:6:   grunt_lair_end_beastmaster, layout_long_grid,
          dpeg_slime_entry_enclosed_altar, special_room [special_room_bee],
          ebering_ghost_reflecting_pool
Swamp:1:  layout_basic_swamp, hangedman_swamp_cone, swamp_pool1, uniq_jorgrun
Swamp:2:  layout_falls_marsh, nicolae_swamp_dense_foliage
Swamp:3:  layout_falls_marsh, hangedman_swamp_ruin_wall
Swamp:4:  byrel_swamp_growth_death_and_undeath, layout_basic_swamp, swamp_pool5,
          uniq_aizul
Orc:1:    layout_diamond_mine
Orc:2:    st_orc_open, layout_caves, basic_altar

Skill      XL: |  1  2  3  4  5  6  7  8  9 10 11 12 13 14 15 16 17 |
---------------+----------------------------------------------------+-----
Stealth        | 3 4 5 6 |  6.0
Earth Magic    | 4 5 6 8 9 10 12 13 14 15 | 15.4
Conjurations   | 1 2 3 4 5 6 8 9 11 12 13 14 | 14.4
Spellcasting   | 4 5 6 8 9 10 11 12 13 14 15 | 15.1
Shields        | 1 2 3 4 5 6 |  6.3
Fighting       | 1 3 4 |  4.0
Dodging        | 4 5 7 8 10 11 12 | 12.0
Evocations     | 4 6 7 8 9 10 | 10.0
Charms         | 4 7 8 9 10 | 10.8
Necromancy     | 3 6 7 8 |  8.0
Fire Magic     | 4 6 7 |  7.8
Transmutations | 2 5 6 |  6.0
Air Magic      | 2 4 |  4.9

Action                   |  1- 3 |  4- 6 |  7- 9 | 10-12 | 13-15 | 16-18 || total
-------------------------+-------+-------+-------+-------+-------+-------++-------
Melee: Unarmed           |     1 |       |       |       |       |       ||     1
       Dagger            |    32 |    18 |     2 |       |       |       ||    52
       Short sword       |       |       |    92 |       |       |       ||    92
       Rapier            |       |       |       |    27 |    88 |    11 ||   126
Throw: Throwing net      |       |       |       |       |       |     1 ||     1
 Cast: Sandblast         |    38 |    87 |   112 |    56 |   217 |       ||   510
       Stone Arrow       |     1 |     5 |    43 |   207 |   386 |   121 ||   763
       Lee's Rapid Decon |       |       |     7 |    58 |   109 |     2 ||   176
       Iron Shot         |       |       |       |     1 |    88 |    53 ||   142
       Statue Form       |       |       |       |       |    26 |    31 ||    57
       Bolt of Magma     |       |       |       |       |    56 |   133 ||   189
Evoke: Wand              |       |       |       |       |       |     1 ||     1
       Crystal ball of e |       |       |       |       |       |     1 ||     1
       Phantom mirror    |       |       |       |       |       |     1 ||     1
  Use: Scroll            |       |       |    14 |    10 |    16 |     8 ||    48
       Potion            |       |       |       |     1 |       |     2 ||     3
 Stab: Sleeping          |     3 |       |     5 |     2 |     1 |       ||    11
       Distracted        |       |       |       |       |       |     1 ||     1
  Eat: Chunk             |       |     5 |     8 |    27 |    47 |     6 ||    93
       Ration            |       |       |     2 |       |     4 |     5 ||    11
Armor: Robe              |     5 |     8 |    34 |    21 |    61 |     2 ||   131
       Skin              |       |       |       |       |   131 |   196 ||   327
Dodge: Dodged            |    28 |    24 |    70 |    69 |   528 |   322 ||  1041
Block: Buckler           |       |       |    41 |    22 |   256 |   121 ||   440

Table legend:
 A = Non-vault XP
 B = Vault XP
 C = Vault XP percentage of total XP
 D = Non-vault monster count
 E = Vault monster count
 F = Vault count percentage of total count
                 A         B        C        D         E       F
            +---------+---------+-------+---------+---------+-------
      Total |  131376 |   92177 |  41.2 |     663 |     225 |  25.3
            +---------+---------+-------+---------+---------+-------
        D:1 |      59 |       0 |   0.0 |      28 |       0 |   0.0
        D:2 |      16 |     115 |  87.8 |       9 |      15 |  62.5
        D:3 |      86 |     300 |  77.7 |      29 |       1 |   3.3
        D:4 |     373 |       0 |   0.0 |      27 |       0 |   0.0
        D:5 |     998 |     645 |  39.3 |      22 |       4 |  15.4
        D:6 |     484 |      60 |  11.0 |      11 |       2 |  15.4
        D:7 |     866 |       0 |   0.0 |      18 |       0 |   0.0
        D:8 |    2258 |     133 |   5.6 |      13 |       1 |   7.1
        D:9 |    3159 |       0 |   0.0 |      56 |       0 |   0.0
       D:10 |    1052 |     430 |  29.0 |       5 |       1 |  16.7
       D:11 |    3022 |       0 |   0.0 |      30 |       0 |   0.0
       D:12 |    4662 |    9546 |  67.2 |      35 |      33 |  48.5
       D:13 |    7310 |    2950 |  28.8 |      35 |       3 |   7.9
       D:14 |    8186 |       0 |   0.0 |      26 |       0 |   0.0
       D:15 |   14935 |    2101 |  12.3 |      36 |       2 |   5.3
     Lair:1 |    3356 |       0 |   0.0 |      14 |       0 |   0.0
     Lair:2 |    5226 |    4057 |  43.7 |      24 |      33 |  57.9
     Lair:3 |    3358 |     536 |  13.8 |      12 |       2 |  14.3
     Lair:4 |    1844 |    3487 |  65.4 |      11 |       6 |  35.3
     Lair:5 |    5856 |     475 |   7.5 |      24 |       2 |   7.7
     Lair:6 |    9662 |    9872 |  50.5 |      25 |      32 |  56.1
    Swamp:1 |    9214 |    2931 |  24.1 |      28 |       1 |   3.4
    Swamp:2 |    7579 |       0 |   0.0 |      18 |       0 |   0.0
    Swamp:3 |   15582 |    4461 |  22.3 |      34 |       4 |  10.5
    Swamp:4 |   15223 |   34092 |  69.1 |      33 |      46 |  58.2
      Orc:1 |    3789 |    4353 |  53.5 |      36 |      11 |  23.4
      Orc:2 |    3221 |   11633 |  78.3 |      24 |      26 |  52.0
            +---------+---------+-------+---------+---------+-------
